Moose vs Rocket
Created - December 3, 2021 at 19:10
Goals
|
| Moose |
0 |
2 |
1 |
0 |
3 |
| Rocket |
1 |
1 |
1 |
1 |
4 |
|
Shots
|
| Moose |
15 |
17 |
8 |
0 |
40 |
| Rocket |
9 |
13 |
3 |
1 |
26 |
|
1st period
1. Rocket , Viktor Loov 1 (Jakub Vrana 1, Dominic Turgeon 1) at 18:55
Penalties :
Ludwig Bystrom (Man) for Hooking (Minor) at 6:33, Trevor Moore (Man) for Hooking (Minor) at 15:14, Nikolay Goldobin (Man) for Close Hand On Puck (Minor) at 19:52
2nd period
2. Moose , Jeremy Bracco 1 (Mirco Mueller 1) at 3:24
3. Moose , Nikolay Goldobin 1 (Nathan Walker 1, Chase De Leo 1) at 12:52
4. Rocket , Andrei Mironov 1 (Andrey Pedan 1) at 14:21
Penalties :
Andrey Pedan (Lav) for Hooking (Minor) at 8:52, Mirco Mueller (Man) for Interference (Minor) at 18:47
3rd period
5. Rocket , Jakub Vrana 1 (Andrey Pedan 2, Corey Trivino 1) at 3:52
6. Moose , Nathan Walker 1 (Chase De Leo 2, Ludwig Bystrom 1) at 18:40
Penalties :
Troy Stetcher (Man) for Cross-checking (Minor) at 1:46, Troy Stetcher (Man) for Interference (Minor) at 4:14, Kole Sherwood (Lav) for Boarding (Minor) at 11:36, Adrian Kempe (Lav) for Tripping (Minor) at 16:17
Overtime #1
7. Rocket , Dominic Turgeon 1 (Jakub Vrana 2) at 0:04
Penalties :
No Penalty
Goalie Stats
Magnus Hellberg (Man), 22 saves from 26 shots - (0.846), OTL, 0-0-1, 60:04 minutes
Jean-Francois Berube (Lav), 37 saves from 40 shots - (0.925), W, 1-0-0, 60:04 minutes
Players Stats for Moose
Player Name G A P +/- PIM S H SB GA TA FO MP PP MP PK MP
------------------------------------------------------------------------------------
Andrew Mangiapane 0 0 0 1 0 2 0 0 0 0 0/1 20:04 2:43 4:45
Carl Grundstrom 0 0 0 0 0 0 0 0 0 0 0/0 2:06 0:00 1:24
Chase De Leo 0 2 2 1 0 1 0 0 0 0 4/7 10:23 0:00 0:11
Erik Cernak 0 0 0 -1 0 0 0 2 0 0 0/0 13:37 0:00 3:58
Frank Vatrano 0 0 0 -1 0 4 1 0 1 1 0/3 18:21 2:54 3:31
Jeremy Bracco 1 0 1 2 0 3 0 0 0 0 0/0 10:05 0:00 0:00
Jesse Graham 0 0 0 1 0 0 0 0 0 1 0/0 5:33 0:00 0:00
Jordan Martinook 0 0 0 -2 0 2 3 0 0 0 3/11 21:25 3:14 6:48
Josh Mahura 0 0 0 0 0 0 1 0 0 0 0/0 3:11 0:00 0:00
Julien Gauthier 0 0 0 -1 0 0 0 0 0 0 1/1 7:20 0:00 0:00
Ludwig Bystrom 0 1 1 0 2 4 0 1 1 1 0/0 19:53 3:06 4:42
Matthew Benning 0 0 0 -1 0 1 0 2 0 0 0/0 6:16 0:00 0:05
Michael McLeod 0 0 0 0 0 0 0 0 0 0 0/0 0:43 0:20 0:00
Mirco Mueller 0 1 1 -1 2 1 2 2 0 1 0/0 23:48 2:51 5:21
Miro Aaltonen 0 0 0 -3 0 2 2 1 1 0 11/19 21:34 3:14 6:50
Mitchell Stephens 0 0 0 0 0 0 0 0 0 0 0/0 0:00 0:00 0:00
Nathan Walker 1 1 2 2 0 4 0 0 1 0 0/0 10:43 0:00 0:19
Nicolas Petan 0 0 0 1 0 2 1 0 1 0 4/7 14:36 2:43 0:00
Nikolay Goldobin 1 0 1 1 2 5 1 0 0 0 0/0 14:35 2:43 0:00
Oskar Lindblom 0 0 0 -1 0 4 1 0 1 0 0/0 7:20 0:00 0:00
Rem Pitlick 0 0 0 0 0 0 0 0 0 0 0/0 0:23 0:00 0:00
Sami Niku 0 0 0 1 0 0 0 0 0 0 0/0 5:33 0:00 0:00
Trevor Moore 0 0 0 -1 2 2 0 0 1 0 4/6 7:19 0:00 0:00
Troy Stetcher 0 0 0 -2 4 1 3 3 0 0 0/0 22:46 2:51 4:12
Vladislav Gavrikov 0 0 0 0 0 2 2 1 0 0 0/0 20:42 3:06 5:30
Players Stats for Rocket
Player Name G A P +/- PIM S H SB GA TA FO MP PP MP PK MP
------------------------------------------------------------------------------------
Adam Fox 0 0 0 0 0 2 1 0 0 1 0/0 24:20 7:27 0:00
Adrian Kempe 0 0 0 1 2 3 1 0 1 1 1/1 20:35 6:35 0:39
Andrei Mironov 1 0 1 1 0 1 0 0 0 0 0/0 22:15 4:27 2:26
Andrey Pedan 0 2 2 1 2 0 1 0 0 1 0/0 21:07 4:27 1:20
Corey Trivino 0 1 1 1 0 0 1 0 0 0 12/26 20:56 6:35 1:05
Danton Heinen 0 0 0 1 0 2 0 0 2 2 1/2 19:13 6:32 0:00
Dean Kukan 0 0 0 0 0 1 0 0 0 0 0/0 14:40 0:00 4:06
Dominic Turgeon 1 1 2 1 0 1 0 0 0 0 6/9 13:29 0:00 3:10
Jack Glover 0 0 0 0 0 1 0 0 0 0 0/0 12:16 0:00 1:51
Jakub Vrana 1 2 3 1 0 3 2 0 1 0 0/1 10:20 0:00 0:25
Jiri Sekac 0 0 0 0 0 2 2 1 0 0 0/1 18:02 5:19 1:42
Karson Kuhlman 0 0 0 -1 0 3 0 0 0 0 2/5 7:21 0:00 0:00
Kole Sherwood 0 0 0 -1 2 0 1 0 0 0 0/0 7:57 0:00 0:00
Mattias Tedenby 0 0 0 0 0 3 2 1 0 2 0/0 19:44 5:19 3:11
Peter Holland 0 0 0 0 0 0 0 1 0 0 6/10 18:02 5:19 1:42
Sergey Tolchinsky 0 0 0 -1 0 2 0 0 0 0 0/0 7:21 0:00 0:00
Ty Rattie 0 0 0 0 0 0 1 0 0 0 0/0 10:43 0:03 0:00
Viktor Loov 1 0 1 0 0 2 0 0 0 0 0/0 25:55 7:27 2:11
3 Stars
1 - Jakub Vrana (Lav)
2 - Nathan Walker (Man)
3 - Dominic Turgeon (Lav)
Power Play
Moose - 0 on 3 Attempt(s) - 0.00%
Rocket - 0 on 6 Attempt(s) - 0.00%
Penalty Kill
Moose - 6 on 6 Attempt(s) - 100.00%
- Score 0 goal in Penalty Kill
Rocket - 3 on 3 Attempt(s) - 100.00%
- Score 0 goal in Penalty Kill
Team Stat
Moose - Hits : 17 - Faceoff Wins : 27 - Blocked Shots : 12 - Penalty Minutes : 12
Rocket - Hits : 12 - Faceoff Wins : 28 - Blocked Shots : 3 - Penalty Minutes : 6
Official
Referees : Brandon Blandina and Dan Kelly
Linesman : Travis Toomey and Bryan Pancich
Game Notes
Matthew Benning is injured at 18:05 of 2nd period (Back)
Finance
Level 1 -- Attendance: 1855 (92.75%) -- Ticket Income $64,925
Level 2 -- Attendance: 929 (92.90%) -- Ticket Income $13,935
Total Attendance: 2784 (92.80%)
Total Ticket Income: $78,860
Other Income: $3,943
Total Income: $82,803
Moose
5 vs 5 Forward
Center Left Wing Right Wing Time % Phy DF OF
1 Miro Aaltonen Jordan Martinook Frank Vatrano 40 1 2 2
2 Nicolas Petan Andrew Mangiapane Nikolay Goldobin 30 1 2 2
3 Chase De Leo Nathan Walker Jeremy Bracco 20 1 2 2
4 Trevor Moore Oskar Lindblom Julien Gauthier 10 1 2 2
5 vs 5 Defense
Defense Defense Time % Phy DF OF
1 Troy Stetcher Mirco Mueller 40 1 2 2
2 Ludwig Bystrom Vladislav Gavrikov 30 1 2 2
3 Erik Cernak Matthew Benning 20 1 2 2
4 Jesse Graham Sami Niku 10 1 2 2
PowerPlay Forward
Center Left Wing Right Wing Time % Phy DF OF
1 Miro Aaltonen Jordan Martinook Frank Vatrano 60 1 2 2
2 Nicolas Petan Andrew Mangiapane Nikolay Goldobin 40 1 2 2
PowerPlay Defense
Defense Defense Time % Phy DF OF
1 Troy Stetcher Mirco Mueller 60 1 2 2
2 Ludwig Bystrom Vladislav Gavrikov 40 1 2 2
Penalty Kill 4 Players Forward
Center Wing Time % Phy DF OF
1 Jordan Martinook Miro Aaltonen 60 1 2 2
2 Frank Vatrano Andrew Mangiapane 40 1 2 2
Penalty Kill 4 Players Defense
Defense Defense Time % Phy DF OF
1 Troy Stetcher Mirco Mueller 60 1 2 2
2 Ludwig Bystrom Vladislav Gavrikov 40 1 2 2
Penalty Kill - 3 Players Forward
Forward Time % Phy DF OF
1 Jordan Martinook 60 1 2 2
2 Miro Aaltonen 40 1 2 2
Penalty Kill - 3 Players Defense
Defense Defense Time % Phy DF OF
1 Troy Stetcher Mirco Mueller 60 1 2 2
2 Ludwig Bystrom Vladislav Gavrikov 40 1 2 2
4 vs 4 Forward
Center Wing Time % Phy DF OF
1 Jordan Martinook Miro Aaltonen 60 1 2 2
2 Frank Vatrano Andrew Mangiapane 40 1 2 2
4 vs 4 Defense
Defense Defense Time % Phy DF OF
1 Troy Stetcher Mirco Mueller 60 1 2 2
2 Ludwig Bystrom Vladislav Gavrikov 40 1 2 2
Last Minutes Offensive
Center Left Wing Right Wing Defense Defense
Miro Aaltonen Jordan Martinook Frank Vatrano Troy Stetcher Mirco Mueller
Last Minutes Defensive
Center Left Wing Right Wing Defense Defense
Miro Aaltonen Jordan Martinook Frank Vatrano Troy Stetcher Mirco Mueller
Goaltenders
Starting : Magnus Hellberg
Backup : Emil Larmi
Extra Forwards
Normal : Michael McLeod, Rem Pitlick, Carl Grundstrom - PP : Michael McLeod, Rem Pitlick - PK : Carl Grundstrom
Extra Defensemen
Normal : Josh Mahura, Erik Cernak, Matthew Benning - PP : Josh Mahura - PK : Erik Cernak, Matthew Benning
Penalty Shots
Jordan Martinook, Miro Aaltonen, Frank Vatrano, Andrew Mangiapane, Nathan Walker
Scratches
David Kase (Healthy), Pierre-Luc Dubois (Healthy), Max Jones (Healthy), Nathan Bastian (Healthy), Tim Gettinger (Healthy)
Joey Daccord (Healthy), Filip Gustavsson (Healthy)
Rocket
5 vs 5 Forward
Center Left Wing Right Wing Time % Phy DF OF
1 Corey Trivino Adrian Kempe Danton Heinen 40 0 2 3
2 Peter Holland Jiri Sekac Mattias Tedenby 30 0 2 3
3 Dominic Turgeon Jakub Vrana Ty Rattie 20 0 2 3
4 Karson Kuhlman Sergey Tolchinsky Kole Sherwood 10 0 2 3
5 vs 5 Defense
Defense Defense Time % Phy DF OF
1 Adam Fox Viktor Loov 40 0 2 3
2 Andrei Mironov Andrey Pedan 30 0 2 3
3 Dean Kukan Jack Glover 20 0 2 3
4 Adam Fox Dean Kukan 10 0 2 3
PowerPlay Forward
Center Left Wing Right Wing Time % Phy DF OF
1 Corey Trivino Adrian Kempe Danton Heinen 60 0 1 4
2 Peter Holland Jiri Sekac Mattias Tedenby 40 0 1 4
PowerPlay Defense
Defense Defense Time % Phy DF OF
1 Adam Fox Viktor Loov 60 0 1 4
2 Andrey Pedan Andrei Mironov 40 0 1 4
Penalty Kill 4 Players Forward
Center Wing Time % Phy DF OF
1 Dominic Turgeon Mattias Tedenby 60 0 4 1
2 Peter Holland Jiri Sekac 40 0 4 1
Penalty Kill 4 Players Defense
Defense Defense Time % Phy DF OF
1 Andrei Mironov Dean Kukan 60 0 3 2
2 Andrey Pedan Viktor Loov 40 0 3 2
Penalty Kill - 3 Players Forward
Forward Time % Phy DF OF
1 Dominic Turgeon 60 0 5 0
2 Karson Kuhlman 40 0 5 0
Penalty Kill - 3 Players Defense
Defense Defense Time % Phy DF OF
1 Dean Kukan Andrei Mironov 60 0 5 0
2 Jack Glover Adam Fox 40 0 5 0
4 vs 4 Forward
Center Wing Time % Phy DF OF
1 Dominic Turgeon Jakub Vrana 60 0 2 3
2 Karson Kuhlman Sergey Tolchinsky 40 0 2 3
4 vs 4 Defense
Defense Defense Time % Phy DF OF
1 Dean Kukan Andrey Pedan 60 0 2 3
2 Andrei Mironov Jack Glover 40 0 2 3
Last Minutes Offensive
Center Left Wing Right Wing Defense Defense
Corey Trivino Adrian Kempe Danton Heinen Adam Fox Viktor Loov
Last Minutes Defensive
Center Left Wing Right Wing Defense Defense
Corey Trivino Jiri Sekac Mattias Tedenby Dean Kukan Andrey Pedan
Goaltenders
Starting : Jean-Francois Berube
Backup : Adam Werner
Extra Forwards
Normal : Adrian Kempe, Danton Heinen, Mattias Tedenby - PP : Adrian Kempe, Danton Heinen - PK : Dominic Turgeon
Extra Defensemen
Normal : Adam Fox, Andrei Mironov, Viktor Loov - PP : Adam Fox - PK : Andrei Mironov, Andrey Pedan
Penalty Shots
Adrian Kempe, Danton Heinen, Mattias Tedenby, Peter Holland, Corey Trivino
Scratches
Daniel Sprong (Healthy), Guillaume Brisebois (Healthy), Mason Appleton (Healthy), Tyler Lewington (Healthy), Luke Kunin (Healthy)
Mikhail Maltsev (Healthy)
% Time on Ice - Moose
Lines # - Real PCT - Wanted PCT - Time Play
Normal Forward
1 - 29% - 40% - 12:08
2 - 30% - 30% - 12:36
3 - 24% - 20% - 10:05
4 - 17% - 10% - 7:20
Normal Defense
1 - 37% - 40% - 15:27
2 - 29% - 30% - 12:06
3 - 21% - 20% - 9:03
4 - 13% - 10% - 5:33
PP Forward
1 - 54% - 60% - 3:14
2 - 46% - 40% - 2:43
PP Defense
1 - 48% - 60% - 2:51
2 - 52% - 40% - 3:06
PK Forward
1 - 70% - 60% - 8:23
2 - 30% - 40% - 3:31
PK Defense
1 - 54% - 60% - 6:24
2 - 46% - 40% - 5:30
PK3 Forward
1 - 0% - 60%
2 - 0% - 40%
PK3 Defense
1 - 0% - 60%
2 - 0% - 40%
44 Forward
1 - 100% - 60% - 0:04
2 - 0% - 40% - 0:00
44 Defense
1 - 100% - 60% - 0:04
2 - 0% - 40% - 0:00
Last Minute Offensive - 0:00
Last Minute Defensive - 0:00
Total
Forward - 60:04
Defense - 60:04
|
% Time on Ice - Rocket
Lines # - Real PCT - Wanted PCT - Time Play
Normal Forward
1 - 33% - 40% - 13:46
2 - 27% - 30% - 11:27
3 - 23% - 20% - 9:35
4 - 17% - 10% - 7:21
Normal Defense
1 - 40% - 40% - 16:49
2 - 37% - 30% - 15:36
3 - 20% - 20% - 8:32
4 - 3% - 10% - 1:12
PP Forward
1 - 55% - 60% - 6:35
2 - 45% - 40% - 5:19
PP Defense
1 - 63% - 60% - 7:27
2 - 37% - 40% - 4:27
PK Forward
1 - 71% - 60% - 4:15
2 - 29% - 40% - 1:42
PK Defense
1 - 59% - 60% - 3:32
2 - 41% - 40% - 2:25
PK3 Forward
1 - 0% - 60%
2 - 0% - 40%
PK3 Defense
1 - 0% - 60%
2 - 0% - 40%
44 Forward
1 - 100% - 60% - 0:04
2 - 0% - 40% - 0:00
44 Defense
1 - 100% - 60% - 0:04
2 - 0% - 40% - 0:00
Last Minute Offensive - 0:00
Last Minute Defensive - 0:00
Total
Forward - 60:04
Defense - 60:04
|
Play-by-Play
1st period
0:01 of 1st period - Miro Aaltonen wins face-off versus Corey Trivino in neutral zone.
0:11 of 1st period - Wrist shot by Miro Aaltonen.
0:11 of 1st period - Shot Misses the Net.
0:34 of 1st period - Wrist shot by Jiri Sekac.
0:34 of 1st period - Stopped by Magnus Hellberg with a rebound.
0:49 of 1st period - Off-side.
0:50 of 1st period - Karson Kuhlman wins face-off versus Chase De Leo in neutral zone.
0:53 of 1st period - Vladislav Gavrikov is hit by Kole Sherwood and loses puck.
1:02 of 1st period - Backhand shot by Nathan Walker.
1:02 of 1st period - Shot Misses the Net.
1:16 of 1st period - Wrist shot by Nathan Walker.
1:16 of 1st period - Stopped by Jean-Francois Berube with a rebound.
1:18 of 1st period - Wrist shot by Matthew Benning.
1:18 of 1st period - Stopped by Jean-Francois Berube with a rebound.
1:20 of 1st period - Slapshot by Nathan Walker.
1:20 of 1st period - Stopped by Jean-Francois Berube without a rebound.
1:21 of 1st period - Corey Trivino wins face-off versus Miro Aaltonen in Rocket zone.
1:30 of 1st period - Wrist shot by Miro Aaltonen.
1:30 of 1st period - Stopped by Jean-Francois Berube without a rebound.
1:31 of 1st period - Corey Trivino wins face-off versus Miro Aaltonen in Rocket zone.
1:54 of 1st period - Adrian Kempe is hit by Jordan Martinook and loses puck.
2:19 of 1st period - Wrist shot by Miro Aaltonen.
2:19 of 1st period - Shot Misses the Net.
2:33 of 1st period - Snap shot by Miro Aaltonen.
2:33 of 1st period - Shot Misses the Net.
2:35 of 1st period - Snap shot by Jordan Martinook.
2:35 of 1st period - Stopped by Jean-Francois Berube without a rebound.
2:36 of 1st period - Nicolas Petan wins face-off versus Peter Holland in Rocket zone.
2:39 of 1st period - Wrist shot by Nikolay Goldobin.
2:39 of 1st period - Shot Misses the Net.
2:47 of 1st period - Snap shot by Mattias Tedenby.
2:47 of 1st period - Shot Misses the Net.
2:49 of 1st period - Snap shot by Adam Fox.
2:49 of 1st period - Shot Misses the Net.
2:51 of 1st period - Snap shot by Mattias Tedenby.
2:51 of 1st period - Stopped by Magnus Hellberg with a rebound.
3:06 of 1st period - Snap shot by Oskar Lindblom.
3:06 of 1st period - Stopped by Jean-Francois Berube without a rebound.
3:07 of 1st period - Dominic Turgeon wins face-off versus Trevor Moore in Rocket zone.
3:23 of 1st period - Wrist shot by Dominic Turgeon.
3:23 of 1st period - Shot Blocked by Ludwig Bystrom.
3:44 of 1st period - Wrist shot by Andrew Mangiapane.
3:44 of 1st period - Shot Misses the Net.
4:19 of 1st period - Wrist shot by Jakub Vrana.
4:19 of 1st period - Stopped by Magnus Hellberg without a rebound.
4:20 of 1st period - Dominic Turgeon wins face-off versus Nicolas Petan in Moose zone.
4:21 of 1st period - Slapshot by Ty Rattie.
4:21 of 1st period - Shot Misses the Net.
4:23 of 1st period - Wrist shot by Dominic Turgeon.
4:23 of 1st period - Shot Blocked by Matthew Benning.
4:25 of 1st period - Slapshot by Dominic Turgeon.
4:25 of 1st period - Shot Blocked by Erik Cernak.
4:27 of 1st period - Wrist shot by Andrey Pedan.
4:27 of 1st period - Shot Misses the Net.
4:29 of 1st period - Slapshot by Andrei Mironov.
4:29 of 1st period - Deflect By Jakub Vrana.
4:29 of 1st period - Shot Blocked by Erik Cernak.
4:29 of 1st period - Puck is out of play.
4:30 of 1st period - Peter Holland wins face-off versus Nicolas Petan in Moose zone.
4:45 of 1st period - Dean Kukan is hit by Nikolay Goldobin and loses puck.
5:17 of 1st period - Wrist shot by Trevor Moore.
5:17 of 1st period - Shot Misses the Net.
5:27 of 1st period - Slapshot by Oskar Lindblom.
5:27 of 1st period - Stopped by Jean-Francois Berube with a rebound.
6:33 of 1st period - Minor Penalty to Ludwig Bystrom for Hooking.
6:34 of 1st period - Corey Trivino wins face-off versus Jordan Martinook in Moose zone.
6:43 of 1st period - Snap shot by Adrian Kempe.
6:43 of 1st period - Stopped by Magnus Hellberg with a rebound.
7:02 of 1st period - Icing by Viktor Loov.
7:03 of 1st period - Peter Holland wins face-off versus Jordan Martinook in Rocket zone.
8:33 of 1st period - Penalty to Ludwig Bystrom is over, Ludwig Bystrom is back on ice.
8:49 of 1st period - Snap shot by Ludwig Bystrom.
8:49 of 1st period - Stopped by Jean-Francois Berube with a rebound.
8:51 of 1st period - Snap shot by Ludwig Bystrom.
8:51 of 1st period - Stopped by Jean-Francois Berube without a rebound.
8:52 of 1st period - Trevor Moore wins face-off versus Dominic Turgeon in Rocket zone.
8:53 of 1st period - Snap shot by Oskar Lindblom.
8:53 of 1st period - Shot Misses the Net.
9:36 of 1st period - Andrew Mangiapane is hit by Mattias Tedenby and loses puck.
10:23 of 1st period - Snap shot by Chase De Leo.
10:23 of 1st period - Shot Misses the Net.
10:33 of 1st period - Snap shot by Sergey Tolchinsky.
10:33 of 1st period - Stopped by Magnus Hellberg without a rebound.
10:34 of 1st period - Trevor Moore wins face-off versus Karson Kuhlman in Moose zone.
11:21 of 1st period - Wrist shot by Andrew Mangiapane.
11:21 of 1st period - Shot Misses the Net.
11:42 of 1st period - Wrist shot by Chase De Leo.
11:42 of 1st period - Stopped by Jean-Francois Berube without a rebound.
11:43 of 1st period - Chase De Leo wins face-off versus Jakub Vrana in Rocket zone.
11:54 of 1st period - Snap shot by Chase De Leo.
11:54 of 1st period - Shot Misses the Net.
12:08 of 1st period - Dean Kukan is hit by Troy Stetcher and loses puck.
12:41 of 1st period - Snap shot by Frank Vatrano.
12:41 of 1st period - Deflect By Miro Aaltonen.
12:41 of 1st period - Shot Misses the Net.
12:41 of 1st period - Puck is out of play.
12:42 of 1st period - Nicolas Petan wins face-off versus Peter Holland in Rocket zone.
13:07 of 1st period - Wrist shot by Jordan Martinook.
13:07 of 1st period - Deflect By Frank Vatrano.
13:07 of 1st period - Stopped by Jean-Francois Berube with a rebound.
13:27 of 1st period - Snap shot by Miro Aaltonen.
13:27 of 1st period - Stopped by Jean-Francois Berube without a rebound.
13:28 of 1st period - Karson Kuhlman wins face-off versus Chase De Leo in Rocket zone.
13:28 of 1st period - Karson Kuhlman is hit by Mirco Mueller.
13:35 of 1st period - Slapshot by Andrei Mironov.
13:35 of 1st period - Shot Misses the Net.
13:41 of 1st period - Snap shot by Karson Kuhlman.
13:41 of 1st period - Stopped by Magnus Hellberg with a rebound.
13:43 of 1st period - Slapshot by Sergey Tolchinsky.
13:43 of 1st period - Shot Misses the Net.
13:53 of 1st period - Nathan Walker is hit by Jiri Sekac and loses puck.
14:02 of 1st period - Slapshot by Mattias Tedenby.
14:02 of 1st period - Shot Misses the Net.
14:04 of 1st period - Wrist shot by Jiri Sekac.
14:04 of 1st period - Shot Misses the Net.
14:44 of 1st period - Snap shot by Nikolay Goldobin.
14:44 of 1st period - Stopped by Jean-Francois Berube with a rebound.
14:46 of 1st period - Slapshot by Nicolas Petan.
14:46 of 1st period - Stopped by Jean-Francois Berube with a rebound.
14:48 of 1st period - Wrist shot by Nikolay Goldobin.
14:48 of 1st period - Stopped by Jean-Francois Berube with a rebound.
15:14 of 1st period - Minor Penalty to Trevor Moore for Hooking.
15:15 of 1st period - Jordan Martinook wins face-off versus Corey Trivino in Moose zone.
15:20 of 1st period - Slapshot by Adrian Kempe.
15:20 of 1st period - Shot Misses the Net.
17:14 of 1st period - Penalty to Trevor Moore is over, Trevor Moore is back on ice.
17:20 of 1st period - Erik Cernak is hit by Andrey Pedan and loses puck.
18:14 of 1st period - Sami Niku is hit by Adam Fox and loses puck.
18:51 of 1st period - Icing by Matthew Benning.
18:52 of 1st period - Dominic Turgeon wins face-off versus Frank Vatrano in Moose zone.
18:53 of 1st period - Slapshot by Jakub Vrana.
18:53 of 1st period - Stopped by Magnus Hellberg with a rebound.
18:55 of 1st period - Wrist shot by Viktor Loov.
18:55 of 1st period - Goal by Viktor Loov - Moose : 0 - Rocket : 1.
18:56 of 1st period - Miro Aaltonen wins face-off versus Corey Trivino in neutral zone.
19:23 of 1st period - Off-side.
19:24 of 1st period - Peter Holland wins face-off versus Andrew Mangiapane in neutral zone.
19:27 of 1st period - Slapshot by Peter Holland.
19:27 of 1st period - Deflect By Jiri Sekac.
19:27 of 1st period - Shot Blocked by Troy Stetcher.
19:27 of 1st period - Puck is out of play.
19:28 of 1st period - Nicolas Petan wins face-off versus Jiri Sekac in Moose zone.
19:52 of 1st period - Minor Penalty to Nikolay Goldobin for Close Hand On Puck.
19:53 of 1st period - Corey Trivino wins face-off versus Jordan Martinook in Moose zone.
19:54 of 1st period - Wrist shot by Danton Heinen.
19:54 of 1st period - Stopped by Magnus Hellberg without a rebound.
19:55 of 1st period - Corey Trivino wins face-off versus Jordan Martinook in Moose zone.
Goals for this period are 0 for Moose vs 1 for Rocket.
Shots for this period are 15 for Moose vs 9 for Rocket.
2nd period
0:01 of 2nd period - Jordan Martinook wins face-off versus Corey Trivino in neutral zone.
0:34 of 2nd period - Snap shot by Frank Vatrano.
0:34 of 2nd period - Deflect By Mattias Tedenby.
0:34 of 2nd period - Stopped by Jean-Francois Berube with a rebound.
0:36 of 2nd period - Slapshot by Andrew Mangiapane.
0:36 of 2nd period - Shot Blocked by Mattias Tedenby.
0:50 of 2nd period - Viktor Loov is hit by Vladislav Gavrikov and loses puck.
1:52 of 2nd period - Penalty to Nikolay Goldobin is over, Nikolay Goldobin is back on ice.
2:01 of 2nd period - Matthew Benning is hit by Ty Rattie.
2:19 of 2nd period - Slapshot by Karson Kuhlman.
2:19 of 2nd period - Stopped by Magnus Hellberg with a rebound.
2:21 of 2nd period - Snap shot by Dean Kukan.
2:21 of 2nd period - Stopped by Magnus Hellberg with a rebound.
3:12 of 2nd period - Off-side.
3:13 of 2nd period - Chase De Leo wins face-off versus Corey Trivino in neutral zone.
3:24 of 2nd period - Snap shot by Jeremy Bracco.
3:24 of 2nd period - Goal by Jeremy Bracco - Moose : 1 - Rocket : 1.
3:25 of 2nd period - Miro Aaltonen wins face-off versus Corey Trivino in neutral zone.
3:51 of 2nd period - Adam Fox is hit by Mirco Mueller and loses puck.
4:20 of 2nd period - Dominic Turgeon is hit by Vladislav Gavrikov and loses puck.
4:30 of 2nd period - Icing by Jakub Vrana.
4:31 of 2nd period - Corey Trivino wins face-off versus Trevor Moore in Rocket zone.
4:56 of 2nd period - Snap shot by Mattias Tedenby.
4:56 of 2nd period - Shot Blocked by Matthew Benning.
5:40 of 2nd period - Wrist shot by Jeremy Bracco.
5:40 of 2nd period - Stopped by Jean-Francois Berube with a rebound.
5:45 of 2nd period - Off-side.
5:46 of 2nd period - Miro Aaltonen wins face-off versus Corey Trivino in neutral zone.
6:01 of 2nd period - Danton Heinen is hit by Miro Aaltonen and loses puck.
6:40 of 2nd period - Snap shot by Jeremy Bracco.
6:40 of 2nd period - Stopped by Jean-Francois Berube without a rebound.
6:41 of 2nd period - Chase De Leo wins face-off versus Karson Kuhlman in Rocket zone.
6:54 of 2nd period - Slapshot by Sergey Tolchinsky.
6:54 of 2nd period - Shot Blocked by Mirco Mueller.
6:56 of 2nd period - Snap shot by Sergey Tolchinsky.
6:56 of 2nd period - Shot Blocked by Troy Stetcher.
6:58 of 2nd period - Backhand shot by Sergey Tolchinsky.
6:58 of 2nd period - Shot Blocked by Troy Stetcher.
7:02 of 2nd period - Wrist shot by Karson Kuhlman.
7:02 of 2nd period - Shot Misses the Net.
7:04 of 2nd period - Slapshot by Karson Kuhlman.
7:04 of 2nd period - Stopped by Magnus Hellberg with a rebound.
7:06 of 2nd period - Snap shot by Sergey Tolchinsky.
7:06 of 2nd period - Stopped by Magnus Hellberg with a rebound.
7:08 of 2nd period - Wrist shot by Jack Glover.
7:08 of 2nd period - Shot Misses the Net.
7:10 of 2nd period - Slapshot by Jack Glover.
7:10 of 2nd period - Stopped by Magnus Hellberg without a rebound.
7:11 of 2nd period - Miro Aaltonen wins face-off versus Corey Trivino in Moose zone.
7:55 of 2nd period - Troy Stetcher is hit by Jakub Vrana and loses puck.
8:12 of 2nd period - Snap shot by Oskar Lindblom.
8:12 of 2nd period - Stopped by Jean-Francois Berube without a rebound.
8:13 of 2nd period - Julien Gauthier wins face-off versus Corey Trivino in Rocket zone.
8:50 of 2nd period - Wrist shot by Nicolas Petan.
8:50 of 2nd period - Stopped by Jean-Francois Berube with a rebound.
8:52 of 2nd period - Minor Penalty to Andrey Pedan for Hooking.
8:53 of 2nd period - Miro Aaltonen wins face-off versus Dominic Turgeon in Rocket zone.
9:00 of 2nd period - Slapshot by Miro Aaltonen.
9:00 of 2nd period - Shot Misses the Net.
9:46 of 2nd period - Snap shot by Jiri Sekac.
9:46 of 2nd period - Stopped by Magnus Hellberg without a rebound.
9:47 of 2nd period - Peter Holland wins face-off versus Miro Aaltonen in Moose zone.
10:06 of 2nd period - Dean Kukan is hit by Troy Stetcher and loses puck.
10:43 of 2nd period - Snap shot by Adrian Kempe.
10:43 of 2nd period - Stopped by Magnus Hellberg with a rebound.
10:52 of 2nd period - Penalty to Andrey Pedan is over, Andrey Pedan is back on ice.
10:59 of 2nd period - Jack Glover is hit by Oskar Lindblom.
11:03 of 2nd period - Slapshot by Troy Stetcher.
11:03 of 2nd period - Deflect By Corey Trivino.
11:03 of 2nd period - Stopped by Jean-Francois Berube with a rebound.
11:05 of 2nd period - Slapshot by Trevor Moore.
11:05 of 2nd period - Deflect By Oskar Lindblom.
11:05 of 2nd period - Stopped by Jean-Francois Berube with a rebound.
11:07 of 2nd period - Wrist shot by Trevor Moore.
11:07 of 2nd period - Stopped by Jean-Francois Berube with a rebound.
11:09 of 2nd period - Snap shot by Oskar Lindblom.
11:09 of 2nd period - Shot Misses the Net.
11:11 of 2nd period - Slapshot by Mirco Mueller.
11:11 of 2nd period - Stopped by Jean-Francois Berube with a rebound.
11:33 of 2nd period - Snap shot by Karson Kuhlman.
11:33 of 2nd period - Shot Misses the Net.
11:58 of 2nd period - Wrist shot by Oskar Lindblom.
11:58 of 2nd period - Shot Misses the Net.
12:22 of 2nd period - Snap shot by Jordan Martinook.
12:22 of 2nd period - Stopped by Jean-Francois Berube with a rebound.
12:50 of 2nd period - Slapshot by Nathan Walker.
12:50 of 2nd period - Stopped by Jean-Francois Berube with a rebound.
12:52 of 2nd period - Slapshot by Nikolay Goldobin.
12:52 of 2nd period - Goal by Nikolay Goldobin - Moose : 2 - Rocket : 1.
12:53 of 2nd period - Corey Trivino wins face-off versus Miro Aaltonen in neutral zone.
13:00 of 2nd period - Slapshot by Danton Heinen.
13:00 of 2nd period - Stopped by Magnus Hellberg without a rebound.
13:01 of 2nd period - Miro Aaltonen wins face-off versus Corey Trivino in Moose zone.
13:30 of 2nd period - Snap shot by Peter Holland.
13:30 of 2nd period - Shot Misses the Net.
13:32 of 2nd period - Snap shot by Mattias Tedenby.
13:32 of 2nd period - Stopped by Magnus Hellberg with a rebound.
13:36 of 2nd period - Backhand shot by Mattias Tedenby.
13:36 of 2nd period - Shot Misses the Net.
13:46 of 2nd period - Slapshot by Karson Kuhlman.
13:46 of 2nd period - Shot Misses the Net.
14:09 of 2nd period - Off-side.
14:10 of 2nd period - Trevor Moore wins face-off versus Danton Heinen in neutral zone.
14:21 of 2nd period - Slapshot by Andrei Mironov.
14:21 of 2nd period - Goal by Andrei Mironov - Moose : 2 - Rocket : 2.
14:22 of 2nd period - Corey Trivino wins face-off versus Miro Aaltonen in neutral zone.
14:27 of 2nd period - Wrist shot by Adrian Kempe.
14:27 of 2nd period - Shot Misses the Net.
14:33 of 2nd period - Corey Trivino is hit by Troy Stetcher and loses puck.
14:58 of 2nd period - Snap shot by Mattias Tedenby.
14:58 of 2nd period - Stopped by Magnus Hellberg with a rebound.
15:39 of 2nd period - Wrist shot by Sergey Tolchinsky.
15:39 of 2nd period - Shot Misses the Net.
15:41 of 2nd period - Slapshot by Adam Fox.
15:41 of 2nd period - Deflect By Matthew Benning.
15:41 of 2nd period - Stopped by Magnus Hellberg without a rebound.
15:42 of 2nd period - Corey Trivino wins face-off versus Miro Aaltonen in Moose zone.
15:49 of 2nd period - Snap shot by Corey Trivino.
15:49 of 2nd period - Shot Misses the Net.
16:14 of 2nd period - Slapshot by Ludwig Bystrom.
16:14 of 2nd period - Shot Misses the Net.
16:16 of 2nd period - Snap shot by Vladislav Gavrikov.
16:16 of 2nd period - Stopped by Jean-Francois Berube without a rebound.
16:17 of 2nd period - Peter Holland wins face-off versus Nicolas Petan in Rocket zone.
17:00 of 2nd period - Slapshot by Troy Stetcher.
17:00 of 2nd period - Shot Misses the Net.
17:10 of 2nd period - Snap shot by Nikolay Goldobin.
17:10 of 2nd period - Stopped by Jean-Francois Berube with a rebound.
17:12 of 2nd period - Wrist shot by Nikolay Goldobin.
17:12 of 2nd period - Deflect By Peter Holland.
17:12 of 2nd period - Stopped by Jean-Francois Berube with a rebound.
17:14 of 2nd period - Wrist shot by Andrew Mangiapane.
17:14 of 2nd period - Stopped by Jean-Francois Berube with a rebound.
17:16 of 2nd period - Slapshot by Troy Stetcher.
17:16 of 2nd period - Shot Misses the Net.
17:18 of 2nd period - Slapshot by Nicolas Petan.
17:18 of 2nd period - Shot Blocked by Peter Holland.
17:20 of 2nd period - Slapshot by Andrew Mangiapane.
17:20 of 2nd period - Deflect By Nicolas Petan.
17:20 of 2nd period - Shot Blocked by Jiri Sekac.
17:20 of 2nd period - Puck is out of play.
17:21 of 2nd period - Miro Aaltonen wins face-off versus Corey Trivino in Rocket zone.
17:36 of 2nd period - Slapshot by Viktor Loov.
17:36 of 2nd period - Stopped by Magnus Hellberg without a rebound.
17:37 of 2nd period - Miro Aaltonen wins face-off versus Corey Trivino in Moose zone.
17:37 of 2nd period - Miro Aaltonen is hit by Adrian Kempe.
18:04 of 2nd period - Matthew Benning is hit by Jakub Vrana.
18:05 of 2nd period - Matthew Benning from Moose is injured at 18:05 of 2nd period (Back).
18:06 of 2nd period - Danton Heinen wins face-off versus Frank Vatrano in Moose zone.
18:33 of 2nd period - Peter Holland is hit by Nicolas Petan.
18:47 of 2nd period - Minor Penalty to Mirco Mueller for Interference.
18:48 of 2nd period - Corey Trivino wins face-off versus Miro Aaltonen in Moose zone.
18:57 of 2nd period - Wrist shot by Adrian Kempe.
18:57 of 2nd period - Shot Misses the Net.
Goals for this period are 2 for Moose vs 1 for Rocket.
Shots for this period are 17 for Moose vs 13 for Rocket.
3rd period
0:01 of 3rd period - Adrian Kempe wins face-off versus Jordan Martinook in neutral zone.
0:47 of 3rd period - Penalty to Mirco Mueller is over, Mirco Mueller is back on ice.
1:00 of 3rd period - Slapshot by Jeremy Bracco.
1:00 of 3rd period - Shot Misses the Net.
1:02 of 3rd period - Slapshot by Ludwig Bystrom.
1:02 of 3rd period - Deflect By Dominic Turgeon.
1:02 of 3rd period - Stopped by Jean-Francois Berube with a rebound.
1:46 of 3rd period - Minor Penalty to Troy Stetcher for Cross-checking.
1:47 of 3rd period - Corey Trivino wins face-off versus Jordan Martinook in Moose zone.
1:57 of 3rd period - Snap shot by Adrian Kempe.
1:57 of 3rd period - Shot Blocked by Mirco Mueller.
1:59 of 3rd period - Slapshot by Adam Fox.
1:59 of 3rd period - Stopped by Magnus Hellberg without a rebound.
2:00 of 3rd period - Corey Trivino wins face-off versus Jordan Martinook in Moose zone.
2:25 of 3rd period - Miro Aaltonen is hit by Mattias Tedenby and loses puck.
3:46 of 3rd period - Penalty to Troy Stetcher is over, Troy Stetcher is back on ice.
3:50 of 3rd period - Backhand shot by Andrey Pedan.
3:50 of 3rd period - Shot Blocked by Miro Aaltonen.
3:52 of 3rd period - Snap shot by Jakub Vrana.
3:52 of 3rd period - Goal by Jakub Vrana - Moose : 2 - Rocket : 3.
3:53 of 3rd period - Nicolas Petan wins face-off versus Peter Holland in neutral zone.
4:02 of 3rd period - Slapshot by Troy Stetcher.
4:02 of 3rd period - Shot Misses the Net.
4:14 of 3rd period - Minor Penalty to Troy Stetcher for Interference.
4:15 of 3rd period - Jordan Martinook wins face-off versus Corey Trivino in Moose zone.
5:11 of 3rd period - Icing by Andrey Pedan.
5:12 of 3rd period - Peter Holland wins face-off versus Frank Vatrano in Rocket zone.
5:37 of 3rd period - Andrei Mironov is hit by Jordan Martinook and loses puck.
6:14 of 3rd period - Penalty to Troy Stetcher is over, Troy Stetcher is back on ice.
6:44 of 3rd period - Wrist shot by Sergey Tolchinsky.
6:44 of 3rd period - Shot Misses the Net.
6:46 of 3rd period - Slapshot by Dean Kukan.
6:46 of 3rd period - Shot Blocked by Vladislav Gavrikov.
7:00 of 3rd period - Slapshot by Ludwig Bystrom.
7:00 of 3rd period - Stopped by Jean-Francois Berube without a rebound.
7:01 of 3rd period - Chase De Leo wins face-off versus Corey Trivino in Rocket zone.
7:24 of 3rd period - Julien Gauthier is hit by Jiri Sekac and loses puck.
7:33 of 3rd period - Slapshot by Trevor Moore.
7:33 of 3rd period - Stopped by Jean-Francois Berube with a rebound.
7:47 of 3rd period - Wrist shot by Nikolay Goldobin.
7:47 of 3rd period - Shot Misses the Net.
7:49 of 3rd period - Snap shot by Nikolay Goldobin.
7:49 of 3rd period - Deflect By Andrew Mangiapane.
7:49 of 3rd period - Stopped by Jean-Francois Berube with a rebound.
8:03 of 3rd period - Sergey Tolchinsky is hit by Miro Aaltonen and loses puck.
8:30 of 3rd period - Wrist shot by Adrian Kempe.
8:30 of 3rd period - Stopped by Magnus Hellberg without a rebound.
8:31 of 3rd period - Trevor Moore wins face-off versus Peter Holland in Moose zone.
11:14 of 3rd period - Slapshot by Frank Vatrano.
11:14 of 3rd period - Stopped by Jean-Francois Berube without a rebound.
11:15 of 3rd period - Miro Aaltonen wins face-off versus Karson Kuhlman in Rocket zone.
11:26 of 3rd period - Snap shot by Miro Aaltonen.
11:26 of 3rd period - Shot Misses the Net.
11:28 of 3rd period - Wrist shot by Frank Vatrano.
11:28 of 3rd period - Stopped by Jean-Francois Berube with a rebound.
11:30 of 3rd period - Slapshot by Vladislav Gavrikov.
11:30 of 3rd period - Stopped by Jean-Francois Berube with a rebound.
11:36 of 3rd period - Minor Penalty to Kole Sherwood for Boarding.
11:37 of 3rd period - Dominic Turgeon wins face-off versus Miro Aaltonen in Rocket zone.
11:37 of 3rd period - Dominic Turgeon is hit by Frank Vatrano.
13:36 of 3rd period - Penalty to Kole Sherwood is over, Kole Sherwood is back on ice.
14:02 of 3rd period - Kole Sherwood is hit by Josh Mahura and loses puck.
16:17 of 3rd period - Minor Penalty to Adrian Kempe for Tripping.
16:18 of 3rd period - Miro Aaltonen wins face-off versus Dominic Turgeon in Rocket zone.
18:08 of 3rd period - Dean Kukan is hit by Jordan Martinook and loses puck.
18:17 of 3rd period - Penalty to Adrian Kempe is over, Adrian Kempe is back on ice.
18:40 of 3rd period - Snap shot by Nathan Walker.
18:40 of 3rd period - Goal by Nathan Walker - Moose : 3 - Rocket : 3.
18:41 of 3rd period - Dominic Turgeon wins face-off versus Chase De Leo in neutral zone.
19:06 of 3rd period - Mirco Mueller is hit by Corey Trivino and loses puck.
19:46 of 3rd period - Snap shot by Mattias Tedenby.
19:46 of 3rd period - Shot Misses the Net.
19:48 of 3rd period - Snap shot by Dean Kukan.
19:48 of 3rd period - Shot Misses the Net.
Goals for this period are 1 for Moose vs 1 for Rocket.
Shots for this period are 8 for Moose vs 3 for Rocket.
Overtime #1
0:01 of 1st overtime period - Dominic Turgeon wins face-off versus Jordan Martinook in neutral zone.
0:04 of 1st overtime period - Wrist shot by Dominic Turgeon.
0:04 of 1st overtime period - Goal by Dominic Turgeon - Moose : 3 - Rocket : 4.
Goals for this period are 0 for Moose vs 1 for Rocket.
Shots for this period are 0 for Moose vs 1 for Rocket.
Output by the SimonT Hockey Simulator (STHS) for Francois Prevost